 Dungeon Crawl Stone Soup version 0.28-a0-422-gd71735cc25 (webtiles) character file.

Game seed: 17038253577478476796

106 rogsnak the Firebug (level 4, -2/33 HPs)
             Began as a Draconian Fire Elementalist on Sept 8, 2021.
             Killed from afar by Ijyb (32 damage)
             ... with a bolt of acid
             ... on level 3 of the Dungeon.
             The game lasted 00:04:35 (3155 turns).

rogsnak the Firebug (Draconian Fire Elementalist)   Turns: 3155, Time: 00:04:36

Health: -2/33      AC:  5    Str: 10    XL:     4   Next: 55%
Magic:  0/8        EV: 12    Int: 16    God:
Gold:   98         SH:  0    Dex: 12    Spells: 1/8 levels left

rFire   . . .      SeeInvis .   c - staff of conjuration
rCold   . . .      Faith    .   (no shield)
rNeg    + . .      Spirit   .   (armour unavailable)
rPois   .          Reflect  .   (helmet restricted)
rElec   .          Harm     .   (no cloak)
rCorr   .          Rampage  .   (no gloves)
Will    .....                   (no boots)
Stlth   ++........              (no amulet)
HPRegen 0.11/turn               k - ring of positive energy
MPRegen 0.11/turn               (no ring)

@: very slightly contaminated
A: AC +5, unfitting armour, cold-blooded
a: no special abilities


You were on level 3 of the Dungeon.
You visited 1 branch of the dungeon, and saw 3 of its levels.

You collected 98 gold pieces.

Inventory:

Hand Weapons
 i - a +0 short sword of draining
 j - a +2 long sword of flaming
Missiles
 l - 5 atropa-tipped darts
Magical Staves
 c - a staff of conjuration (weapon)
Jewellery
 k - a ring of positive energy (left hand)
Scrolls
 a - a scroll of enchant weapon {unknown}
 b - a scroll of noise {unknown}
 d - 2 scrolls of identify {unknown}
 o - a scroll of immolation {unknown}
Potions
 e - a potion of degeneration {unknown}
 f - a potion of flight {unknown}
 g - a potion of brilliance {unknown}
 h - a potion of heal wounds {unknown}
 m - a potion of curing {unknown}
 n - a potion of berserk rage {unknown}


   Skills:
 + Level 2.1 Dodging
 - Level 1.7 Stealth
 + Level 2.7 Spellcasting
 * Level 2.6 Conjurations
 + Level 3.9 Fire Magic


You had one spell level left.
You knew the following spells:

 Your Spells              Type           Power      Damage    Failure   Level
a - Foxfire               Conj/Fire      76%        2x1d7     4%          1
b - Scorch                Fire           28%        2d6       6%          2
c - Flame Wave            Conj/Fire      19%        3d5       45%         4

Your spell library contained the following spells:

 Spells                   Type           Power      Damage    Failure   Level
 Shock                    Conj/Air       36%        1d5       11%         1
 Conjure Flame            Conj/Fire      19%        6-21      16%         3
 Inner Flame              Hex/Fire       8%         N/A       26%         3
 Corpse Rot               Necr/Air       N/A        N/A       28%         2
 Poisonous Vapours        Pois/Air       4%         N/A       28%         2
 Swiftness                Air            2%         N/A       50%         3
 Airstrike                Air            1%         N/A       88%         4


Dungeon Overview and Level Annotations

Branches:
Dungeon (3/15)

Altars:

Shops:
D:1 (

Annotations:
D:3 Ijyb


Innate Abilities, Weirdness & Mutations

Your plain brown scales are hard. (AC +5)
You cannot fit into any form of body armour.
You are cold-blooded and may be slowed by cold attacks.


Message History

Your foxfire dissipates!
Your foxfire dissipates!
Ijyb the Twisted Goblin comes into view.
She is wielding a +0 dagger and carrying a wand of acid (13).
Casting: Foxfire (safe; 4% risk of failure)
Confirm with . or Enter, or press ? or * to list all spells.
Flames lash Ijyb.
Ijyb shouts!
Ijyb is lightly wounded.
Ijyb's fire resistance burns away.
Unknown command.
Casting: Scorch (safe; 6% risk of failure)
Confirm with . or Enter, or press ? or * to list all spells.
You feel a surge of power!
You miscast Foxfire.
You are very lightly contaminated with residual magic.
Nothing appears to happen.
Unknown command.
Casting: Foxfire (safe; 4% risk of failure)
Confirm with . or Enter, or press ? or * to list all spells.
Flames lash Ijyb.
Ijyb is burned terribly!
Ijyb is lightly wounded.
Ijyb is no longer more vulnerable to fire.
Ijyb hits you with a +0 dagger.
Unknown command.
Casting: Scorch (safe; 6% risk of failure)
Confirm with . or Enter, or press ? or * to list all spells.
Flames lash Ijyb.
Ijyb is heavily wounded.
Ijyb's fire resistance burns away.
Ijyb closely misses you.
Unknown command.
Casting: Scorch (safe; 6% risk of failure)
Confirm with . or Enter, or press ? or * to list all spells.
You feel a surge of power!
You conjure some foxfire!
Ijyb barely misses you.
Unknown command.
You hit Ijyb.
Ijyb is heavily wounded.
The foxfire hits Ijyb.
Ijyb is severely wounded.
Ijyb zaps a wand.
The bolt of acid hits you!!
Ouch! That really hurt!
You die...

#... #. #.## #.
#.## #.
#########... #.
#......##.## #.
#.......#.# #.
##.####).#.#
#g#####.....#..#.#
#.@v.....##......#
########.####..###
#.......#
#.......#
#########


You could see Ijyb (inflammable, ally target).

Vanquished Creatures
  Natasha (D:2)
  Terence (D:2)
  An adder (D:2)
  A worm (D:2)
  2 orcs (D:3)
  6 endoplasms
  A giant cockroach (D:2)
  2 goblins
  5 hobgoblins
  3 quokkas (D:2)
  7 ball pythons
  6 bats
  6 kobolds
  4 rats
46 creatures vanquished.

Vanquished Creatures (others)
  120 foxfires
120 creatures vanquished.

Grand Total: 166 creatures vanquished

Notes
Turn   | Place    | Note
-------+----------+-------------------------------------------
     0 | D:1      | rogsnak the Draconian Fire Elementalist began the quest for
                  | the Orb.
     0 | D:1      | Reached XP level 1. HP: 14/14 MP: 3/3
   126 | D:1      | Found Plog's Weapon Boutique.
   346 | D:1      | You fall into a shaft and drop 1 floor!
   385 | D:2      | Reached XP level 2. HP: 20/20 MP: 1/5
   871 | D:1      | Found a faded altar of an unknown god.
   886 | D:1      | Found a faded altar of an unknown god.
  1658 | D:2      | Reached XP level 3. HP: 26/26 MP: 2/6
  1989 | D:2      | Noticed Terence
  2030 | D:2      | Killed Terence
  2244 | D:2      | Noticed Natasha
  2250 | D:2      | Killed Natasha
  2251 | D:2      | Reached XP level 4. HP: 18/33 MP: 3/7
  2386 | D:2      | Learned a level 2 spell: Scorch
  2391 | D:2      | Learned a level 4 spell: Flame Wave
  3149 | D:3      | Noticed Ijyb
  3155 | D:3      | Killed from afar by Ijyb

Illustrated notes

Levels and vault maps discovered:
D:1:      wheals_arrival_linesprint, layout_loops_corners,
          hellmonk_ecumenical_altar_the_god_not_taken, serial_shops,
          nicolae_shop_crystal, hangedman_decor_push,
          chequers_serial_rivers_small_a
D:2:      layout_basic, uniq_terence, uniq_natasha
D:3:      layout_loops_cross, dk_vineyard_3, uniq_ijyb

Skill      XL: |  1  2  3 |
---------------+----------+-----
Dodging        | 2 |  2.1
Conjurations   | 2 |  2.6
Stealth        | |  1.7
Spellcasting   | |  2.7
Fire Magic     | |  3.9

Action                   |  1- 3 |  4- 6 || total
-------------------------+-------+-------++-------
Melee: Unarmed           |     5 |       ||     5
       Tailslap          |     3 |     1 ||     4
       Staff             |    15 |     4 ||    19
       Short sword       |     5 |       ||     5
 Cast: Foxfire           |    63 |    22 ||    85
       Scorch            |       |     6 ||     6
Armor: Skin              |     7 |     4 ||    11
Dodge: Dodged            |    22 |     5 ||    27

Table legend: (Time is in decaauts)
 A = Elapsed time spent in this place.
 B = Non-inter-level travel time spent in this place.
 C = Inter-level travel time spent in this place.
 D = Time resting spent in this place.
 E = Time spent auto-exploring this place.
 F = Levels seen in this place.
 G = Mean time per level.
                   A        B        C        D        E       F      G
               +--------+--------+--------+--------+--------+-----+--------+
         Total |   3157 |   3056 |    101 |    368 |   2290 |   3 | 1052.3 |
       Dungeon |   3157 |   3056 |    101 |    368 |   2290 |   3 | 1052.3 |
               +--------+--------+--------+--------+--------+-----+--------+

Top non-repeatable levels by time:
     D:1: 1432 daAuts
     D:2: 1349 daAuts
     D:3: 375 daAuts
